 Dungeon Crawl Stone Soup version 0.21.1-1-g345015fe64 (webtiles) character file.

72 Holzbalken the Charmwright (level 4, -2/33 HPs)
             Began as a Vampire Skald on July 5, 2018.
             Slain by a worm (9 damage)
             ... on level 3 of the Dungeon on July 6, 2018.
             The game lasted 00:11:47 (2127 turns).

Holzbalken the Charmwright (Vampire Skald)          Turns: 2127, Time: 00:11:48

Health: -2/33      AC:  3    Str: 10    XL:     4   Next: 7%
Magic:  7/7        EV: 12    Int: 15    God:
Gold:   28         SH:  0    Dex: 14    Spells: 7/8 levels left

rFire    . . .     SeeInvis +     - Unarmed
rCold    + . .     Gourm    .   (no shield)
rNeg     + + .     Faith    .   a - +0 leather armour
rPois    +         Spirit   .   (no helmet)
rElec    .         Reflect  .   (no cloak)
rCorr    .         Harm     .   (no gloves)
MR       .....                  (no boots)
Stlth    +++.......             (no amulet)
HPRegen  0.05/turn              (no ring)
MPRegen  0.10/turn              (no ring)

@: regenerating slowly
A: fangs 3, see invisible, unbreathing
a: Bat Form


You were on level 3 of the Dungeon.
You were thirsty.

You visited 1 branch of the dungeon, and saw 3 of its levels.

You collected 28 gold pieces.

Inventory:

Armour
 a - a +0 leather armour (worn)
Scrolls
 d - 2 scrolls of identify
 e - a scroll of remove curse {unknown}
 h - a scroll of amnesia {unknown}
 k - 2 scrolls of noise {unknown}
Potions
 c - 18 potions of blood
 f - 2 potions of curing
 g - a potion of berserk rage {unknown}
 l - a potion of heal wounds {unknown}
 m - a potion of haste {unknown}
 o - a potion of resistance {unknown}
Books
 b - a book of Battle

   Spells                             Type                      Level
   a - Infusion                       Charms                       1
   b - Shroud of Golubria             Charms/Translocation         2
   c - Song of Slaying                Charms                       2
   d - Spectral Weapon                Hexes/Charms                 3
   e - Regeneration                   Charms/Necromancy            3


   Skills:
 - Level 1.7 Fighting
 - Level 0.7 Armour
 - Level 2.1 Dodging
 + Level 1.3 Stealth
 + Level 3.2 Unarmed Combat
 * Level 2.5 Spellcasting
 * Level 4.2 Charms


You had 7 spell levels left.
You knew the following spells:

 Your Spells              Type           Power        Failure   Level  Hunger
a - Infusion              Chrm           ##..         4%          1    #......


Dungeon Overview and Level Annotations

Branches:
Dungeon (3/15)

Altars:
Fedhas
Okawaru


Innate Abilities, Weirdness & Mutations

You heal slowly.
You have razor-sharp teeth.
You have supernaturally acute eyesight. (SInv)
You can survive without breathing.


Message History

You kill the adder!
You have reached level 4!
The worm bites you.
You hit the worm.
The worm is lightly wounded.
You completely miss the worm.
The worm is lightly wounded.
The worm bites you!
You hit the worm.
The worm is moderately wounded.
You hit the worm but do no damage.
The worm is moderately wounded.
The worm bites you!
* * * LOW HITPOINT WARNING * * *
You barely miss the worm.
The worm is moderately wounded.
You barely miss the worm.
The worm is moderately wounded.
The worm bites you!
You die...

#############
#.....<.....#
#......†....#
#.....w@....#
[...........#
.........!..#
............#
............#
..###......##
. #......#
#.....<#
#......#


You could see a worm.

Vanquished Creatures
  A gnoll (D:1)
  2 adders
  A leopard gecko (D:1)
  2 ball pythons
  4 giant cockroaches
  8 goblins
  4 hobgoblins
  2 jackals (D:1)
  2 kobolds
  7 bats
  4 frilled lizards
  7 rats
44 creatures vanquished.

Notes
Turn   | Place    | Note
-------+----------+-------------------------------------------
     0 | D:1      | Holzbalken the Vampire Skald began the quest for the Orb.
     0 | D:1      | Reached XP level 1. HP: 16/16 MP: 3/3
   332 | D:1      | Reached XP level 2. HP: 21/22 MP: 5/5
   717 | D:1      | Reached skill level 4 in Charms
   717 | D:1      | Reached XP level 3. HP: 19/27 MP: 0/6
  1490 | D:2      | Reached skill level 1 in Stealth
  1541 | D:2      | Found a blossoming altar of Fedhas.
  1541 | D:2      | Found an iron altar of Okawaru.
  2121 | D:3      | Reached XP level 4. HP: 26/33 MP: 7/7
  2127 | D:3      | Slain by a worm

Skill      XL: |  1  2  3 |
---------------+----------+-----
Charms         | 4 |  4.2
Unarmed Combat | 3 |  3.2
Stealth        | 1 |  1.3
Fighting       | |  1.7
Armour         | |  0.7
Dodging        | |  2.1
Spellcasting   | |  2.5

Action                   |  1- 3 |  4- 6 || total
-------------------------+-------+-------++-------
Melee: Unarmed           |   177 |     6 ||   183
       Bite              |    15 |       ||    15
       Punch             |     3 |       ||     3
 Cast: Infusion          |     5 |       ||     5
  Use: Potion            |     2 |       ||     2
       Scroll            |     1 |       ||     1
 Stab: Sleeping          |     7 |       ||     7
Armor: Leather armour    |    58 |       ||    58
Dodge: Dodged            |   101 |       ||   101
